 Dungeon Crawl Stone Soup version 0.28.0-43-g3370ac3207 (webtiles) character file.

Game seed: 14926076699049551588

927 Peloso the Slasher (level 7, -4/60 HPs)
             Began as a Minotaur Fighter on Mar 26, 2022.
             Was a Follower of Okawaru.
             Slain by a gnoll sergeant
             ... wielding a +1 vorpal spear
              (10 damage)
             ... on level 5 of the Dungeon.
             The game lasted 00:06:15 (4578 turns).

Peloso the Slasher (Minotaur Fighter)               Turns: 4578, Time: 00:06:16

Health: -4/60      AC: 13    Str: 21    XL:     7   Next: 85%
Magic:  6/6        EV:  6    Int:  5    God:    Okawaru [*.....]
Gold:   220        SH:  5    Dex: 11    Spells: 6/6 levels left

rFire   . . .      SeeInvis .   a - +0 long sword
rCold   . . .      Faith    .   c - +0 buckler
rNeg    . . .      Spirit   .   m - +0 plate armour
rPois   .          Reflect  .   (helmet restricted)
rElec   .          Harm     .   (no cloak)
rCorr   .          Rampage  .   (no gloves)
Will    .....                   (no boots)
Stlth   ..........              (no amulet)
HPRegen 0.20/turn               (no ring)
MPRegen 0.10/turn               (no ring)

@: slowed, very slow
A: horns 2, retaliatory headbutt
a: Renounce Religion, Heroism


You were on level 5 of the Dungeon.
You worshipped Okawaru.
Okawaru was aware of your devotion.
You visited 2 branches of the dungeon, and saw 6 of its levels.

You collected 220 gold pieces.

Inventory:

Hand Weapons
 a - a +0 long sword (weapon)
Armour
 b - a +0 scale mail
 c - a +0 buckler (worn)
 m - a +0 plate armour (worn)
Jewellery
 e - a +6 ring of intelligence
Scrolls
 f - 6 scrolls of identify {unknown}
 h - a scroll of teleportation {unknown}
 k - a scroll of amnesia {unknown}
 o - a scroll of summoning {unknown}
 p - a scroll of enchant armour {unknown}
 r - 2 scrolls of silence {unknown}
Potions
 d - a potion of might
 g - 2 potions of brilliance {unknown}
 i - a potion of cancellation {unknown}
 j - 2 potions of invisibility
 l - a potion of lignification {unknown}
 n - 2 potions of curing {unknown}
 q - a potion of flight {unknown}


   Skills:
 + Level 4.8 Fighting
 + Level 7.6 Long Blades
 + Level 7.1 Armour
 + Level 0.5 Dodging
 + Level 0.2 Stealth
 + Level 5.1 Shields


You had 6 spell levels left.
You didn't know any spells.
Your spell library contained the following spells:

 Spells                   Type           Power      Damage    Failure   Level
 Pain                     Necr           0%         1d4       100%        1
 Vampiric Draining        Necr           0%         2d6       100%        3
 Animate Skeleton         Necr           Unusable   N/A       N/A         1

Dungeon Overview and Level Annotations

Branches:
Dungeon (5/15)             Temple (1/1) D:5

Altars:
Okawaru
Wu Jian
The Shining One

Shops:
D:3 :

Annotations:
D:3 Grinder


Innate Abilities, Weirdness & Mutations

You have a pair of horns on your head.
You reflexively headbutt those who attack you in melee.


Message History

You see here a +0 club.
The gnoll throws a curare-tipped dart.
The curare-tipped dart hits you.
You are poisoned.
You have difficulty breathing.
You feel yourself slow down.
You feel very sick. You block the gnoll's attack.
The gnoll hits you but does no damage.
You feel very sick. The gnoll closely misses you.
You closely miss the gnoll.
You feel sick. The gnoll hits you with a +0 flail.
You block the gnoll's attack.
You slash the gnoll!
You kill the gnoll!
Okawaru accepts your kill.
You feel sick.
You feel sick.
The gnoll sergeant hits you from afar with a +1 vorpal spear!
Things that are here:
a +0 flail; 3 curare-tipped darts; a gnoll corpse You feel sick.
You are no longer poisoned.
The gnoll sergeant hits you with a +1 vorpal spear. x2
You slash the gnoll sergeant!
The gnoll sergeant is heavily wounded.
The gnoll sergeant hits you with a +1 vorpal spear.
* * * LOW HITPOINT WARNING * * *
x2 You hit the gnoll sergeant.
Your headbutt misses the gnoll sergeant.
The gnoll sergeant is severely wounded.
The gnoll sergeant hits you with a +1 vorpal spear.
* * * LOW HITPOINT WARNING * * *
x2 The gnoll sergeant barely misses you.
You hit the gnoll sergeant but do no damage.
Your headbutt misses the gnoll sergeant.
The gnoll sergeant is severely wounded.
The gnoll sergeant hits you but does no damage.
You closely miss the gnoll sergeant. You headbutt the gnoll sergeant!
The gnoll sergeant is almost dead.
The gnoll sergeant hits you but does no damage.
The gnoll sergeant hits you with a +1 vorpal spear!
You die...

..##....##......#.......#
#.
..##....##......#.......#
#.
.............)..#.......#
#.
................#.......#
#.
................#.......#
#.
...†............#.......#
#.
.....†..........#.......#
#.
..##....#......g........#
#.
..##......##...#@.......#
#.
...#.....#..#.#.).......#
#.
...+.....#...)#..#......#
#g
...#......#....##.......#
#. #>........>..........#
#. #......##....#.......#
#. ......#..#....#......
#. ......#.#..#...... #.
..#..#...##....... #.


You could see a gnoll sergeant.

Vanquished Creatures
  Prince Ribbit (D:5)
  2 orc warriors
  A scorpion (D:4)
  A centaur zombie (D:5)
  A bullfrog zombie (D:3)
  3 hounds
  A jelly (D:4)
  3 orc priests
  An orc wizard (D:4)
  A howler monkey skeleton (D:5)
  5 adders
  4 gnolls
  A white imp (D:4)
  A dart slug (D:1)
  9 orcs (D:4)
  7 endoplasms
  A giant cockroach (D:2)
  9 goblins
  3 hobgoblins
  11 jackals
  4 quokkas
  4 ball pythons
  11 bats
  3 frilled lizards
  6 kobolds
  5 rats
99 creatures vanquished.

Vanquished Creatures (others)
  A kobold (D:2)
1 creature vanquished.

Grand Total: 100 creatures vanquished

Notes
Turn   | Place    | Note
-------+----------+-------------------------------------------
     0 | D:1      | Peloso the Minotaur Fighter began the quest for the Orb.
     0 | D:1      | Reached XP level 1. HP: 19/19 MP: 0/0
   238 | D:1      | Reached XP level 2. HP: 26/27 MP: 1/1
   646 | D:1      | Reached XP level 3. HP: 33/33 MP: 2/2
  1981 | D:3      | Reached XP level 4. HP: 25/40 MP: 3/3
  2299 | D:3      | Found Ygeget's Book Shop.
  2356 | D:3      | Reached XP level 5. HP: 35/46 MP: 4/4
  2358 | D:3      | Reached skill level 5 in Armour
  2473 | D:3      | Noticed Grinder
  2611 | D:4      | Reached skill level 5 in Long Blades
  2620 | D:4      | Reached XP level 6. HP: 5/52 MP: 5/5
  3006 | D:4      | Found an ornate altar of the Wu Jian Council.
  3007 | D:4      | Found a glowing golden altar of the Shining One.
  3009 | D:4      | Found an iron altar of Okawaru.
  3022 | D:4      | Became a worshipper of Warmaster Okawaru
  3542 | D:5      | Entered Level 5 of the Dungeon
  3542 | D:5      | Noticed Prince Ribbit
  3547 | D:5      | Killed Prince Ribbit
  3548 | D:5      | Reached XP level 7. HP: 38/60 MP: 6/6
  3567 | D:4      | Reached * piety under Okawaru
  4385 | D:5      | Reached skill level 5 in Shields
  4421 | D:5      | Found a staircase to the Ecumenical Temple.
  4437 | Temple   | Entered the Ecumenical Temple
  4578 | D:5      | Slain by a gnoll sergeant

Illustrated notes

Levels and vault maps discovered:
D:1:      dpeg_arrival_water_fire, layout_basic
D:2:      layout_loops_ring, wad_floor_pattern_2, lemuel_flame_loot_1
D:3:      layout_rooms, serial_shops, nicolae_shop_statue_plus,
          shapermc_ecumenical_altar_petra, chequers_serial_rivers_small_3,
          uniq_grinder
D:4:      layout_loops_ring, gammafunk_temple_overflow_forgotten
D:5:      minmay_evil_eye, layout_gridville, minmay_temple_entry_mini_moons,
          uniq_prince_ribbit1
Temple:   mainiacjoe_temple_bowtie_tessellation

Skill      XL: |  1  2  3  4  5  6  7 |
---------------+----------------------+-----
Fighting       | 4 |  4.8
Armour         | 4 5 6 7 |  7.1
Long Blades    | 3 4 5 6 7 |  7.6
Shields        | 4 5 |  5.1
Dodging        | |  0.5
Stealth        | |  0.2

Action                   |  1- 3 |  4- 6 |  7- 9 || total
-------------------------+-------+-------+-------++-------
Melee: Long sword        |   102 |    96 |    81 ||   279
       Headbutt          |     8 |    15 |    16 ||    39
  Use: Potion            |       |     1 |       ||     1
Armor: Scale mail        |    65 |    16 |       ||    81
       Plate armour      |       |    61 |    67 ||   128
Dodge: Dodged            |    72 |    26 |    35 ||   133
Block: Buckler           |    26 |    30 |    28 ||    84
